 Dungeon Crawl Stone Soup version 0.24.1-8-ga250c9d538 (webtiles) character file.

Game seed: 11261306613751949953, levelgen mode: deterministic

39 zlopeckanka the Digger (level 3, -3/24 HPs)
             Began as a Vampire Earth Elementalist on May 3, 2020.
             Slain by a hobgoblin (4 damage)
             ... on level 2 of the Dungeon.
             The game lasted 00:20:07 (994 turns).

zlopeckanka the Digger (Vampire Earth Elementalist)  Turns: 994, Time: 00:20:07

Health: -3/24      AC:  2    Str:  7    XL:     3   Next: 28%
Magic:  4/6        EV: 12    Int: 18    God:
Gold:   82         SH:  0    Dex: 14    Spells: 6/7 levels left

rFire    . . .     SeeInvis +   p - +0 hand axe
rCold    . . .     Gourm    .   (no shield)
rNeg     . . .     Faith    .   c - +0 robe
rPois    .         Spirit   .   (no helmet)
rElec    .         Reflect  .   (no cloak)
rCorr    .         Harm     .   (no gloves)
MR       .....                  (no boots)
Stlth    ++........             (no amulet)
HPRegen  0.28/turn              (no ring)
MPRegen  0.10/turn              (no ring)

@: lethally poisoned (-3 -> -3), regenerating quickly
A: no food, fangs 3, see invisible, unbreathing
a: Exsanguinate


You were on level 2 of the Dungeon.
You were alive.

You visited 1 branch of the dungeon, and saw 2 of its levels.

You collected 82 gold pieces.

Inventory:

Hand Weapons
 g - a +0 dagger
 p - a +0 hand axe (weapon)
Missiles
 b - 54 stones (quivered)
Armour
 c - a +0 robe (worn)
 m - a +0 leather armour
Scrolls
 a - 2 scrolls of remove curse {unknown}
 d - 3 scrolls of noise {unknown}
 e - a scroll of enchant armour {unknown}
 i - 2 scrolls of amnesia {unknown}
 l - 2 scrolls of identify {unknown}
Potions
 f - 2 potions of heal wounds {unknown}
 h - a potion of ambrosia {unknown}
 j - a potion of brilliance {unknown}
 k - a potion of flight {unknown}
 n - a potion of magic {unknown}


   Skills:
 - Level 2.1 Dodging
 - Level 3.0 Stealth
 + Level 2.5 Spellcasting
   Level 1.1 Transmutations
 * Level 4.0 Earth Magic


You had 6 spell levels left.
You knew the following spells:

 Your Spells              Type           Power        Failure   Level  Hunger
o - Sandblast             Erth           ###...       3%          1    N/A

Your spell library contained the following spells:

 Spells                   Type           Power        Failure   Level  Hunger
 Passwall                 Tmut/Erth      ##......     9%          2    N/A
 Stone Arrow              Conj/Erth      #.....       22%         3    N/A
 Petrify                  Tmut/Erth      ##......     52%         4    N/A
 Lee's Rapid Deconstruct  Erth           ###.......   65%         5    N/A

Dungeon Overview and Level Annotations

Branches:
Dungeon (2/15)

Altars:
Okawaru


Innate Abilities, Weirdness & Mutations

You do not eat.
Your natural rate of healing is unusually fast.
You have razor-sharp teeth.
You have supernaturally acute eyesight. (SInv)
You can survive without breathing.


Message History

The adder is heavily wounded.
b - 55 stones The adder bites you.
* * * LOW HITPOINT WARNING * * *
You are poisoned.
The adder poisons you! The hobgoblin closely misses you.
The dart slug launches a dart at you. The slug dart misses you.
The slug dart hits the hobgoblin.
The adder misses you.
Casting: Sandblast (safe; 3% risk of failure)
Confirm with . or Enter, or press ? or * to list all spells.
Aiming: Sandblast (safe; 3% risk of failure)
Press: ? - help, Shift-Dir - straight line, f/p - adder
Aim: an adder (heavily wounded)
The blast of sand hits the adder.
The adder is severely wounded.
b - 54 stones
* * * LOW HITPOINT WARNING * * *
You feel sick. The hobgoblin hits you.
You die...

##..##
###.##..#######.
#...#
.................
#.#.#
####.###..#######
#.#... #####.####..#
#.###..
#........##.# #..
...###........##.#
...
.............##.####
#.....g..##....##
#....@S...####..####
####.####..........#
.w. #...(..###.#
###. #......# #
#.#.<.......#
#.###.......# #.
#.####### .. #. #.


You could see an adder, a dart slug and a hobgoblin.

Vanquished Creatures
  3 worms (D:2)
  2 dart slugs (D:1)
  A leopard gecko (D:1)
  2 giant cockroaches (D:1)
  3 goblins
  3 hobgoblins
  6 bats (D:1)
  A frilled lizard (D:2)
  A kobold (D:1)
  3 rats (D:1)
25 creatures vanquished.

Notes
Turn   | Place    | Note
-------+----------+-------------------------------------------
     0 | D:1      | zlopeckanka the Vampire Earth Elementalist began the quest
                  | for the Orb.
     0 | D:1      | Reached XP level 1. HP: 13/13 MP: 3/3
    99 | D:1      | Reached XP level 2. HP: 14/19 MP: 1/5
   885 | D:2      | Reached XP level 3. HP: 24/24 MP: 3/6
   927 | D:2      | Reached skill level 4 in Earth Magic
   963 | D:2      | Found an iron altar of Okawaru.
   994 | D:2      | HP: 1/24 [poisoned by an adder]
   994 | D:2      | Slain by a hobgoblin

Levels and vault maps discovered:
D:1:      sevenhm_arrival_forest_fort_large_4, layout_basic
D:2:      layout_rooms, okawaru_gym_becter

Skill      XL: |  1  2  3 |
---------------+----------+-----
Earth Magic    | 4 |  4.0
Dodging        | |  2.1
Stealth        | |  3.0
Spellcasting   | |  2.5
Transmutations | |  1.1

Action                   || total
-------------------------++-------
Melee: Short sword       ||    13
       Hand axe          ||    13
       Club              ||     3
       Bite              ||     3
Throw: Stone             ||    25
 Cast: Sandblast         ||    31
 Stab: Sleeping          ||     4
Armor: Robe              ||     5
Dodge: Dodged            ||    37
